 Dungeon Crawl Stone Soup version 0.31.0-12-g77e489cdc1 (webtiles) character file.

Game seed: 2950172356045773489

317 EonDragon20 the Cudgeller (level 6, -2/17 (35) HPs)
             Began as a Gargoyle Reaver on Feb 21, 2024.
             Engulfed by a steam dragon's steam (8 damage)
             ... on level 4 of the Dungeon.
             The game lasted 00:06:39 (3007 turns).

EonDragon20 the Cudgeller (Gargoyle Reaver)         Turns: 3007, Time: 00:06:40

HP:   -2/17 (35)    AC:  7    Str: 16    XL:     6   Next: 44%
MP:   5/9           EV: 11    Int: 15    God:
Gold: 166           SH:  0    Dex:  8    Spells: 3/9 levels left

rFire   . . .        a - +0 mace
rCold   . . .        (no shield)
rNeg    + . .        b - +0 leather armour
rPois   ∞            (no helmet)
rElec   +            (no cloak)
rCorr   .            (no gloves)
SInv    .            (no boots)
Will    .....        (no amulet)
Stlth   +            (no ring)
HPRegen 0.22/turn    (no ring)
MPRegen 0.11/turn

%: no passive effects
@: very slightly contaminated, extremely drained
A: sickness immunity, AC +4, negative energy resistance 1, electricity
resistance, torment resistance 1, petrification resistance
a: no special abilities


You were on level 4 of the Dungeon.
You visited 1 branch of the dungeon, and saw 4 of its levels.

You collected 166 gold pieces.

Inventory:

Hand Weapons
 a - a +0 mace (weapon)
Armour
 b - a +0 leather armour (worn)
Jewellery
 i - a ring of see invisible
Wands
 m - a wand of paralysis (4)
Scrolls
 n - a scroll of immolation
 o - a scroll of fear {unknown}
 p - a scroll of amnesia
Potions
 c - 3 potions of heal wounds
 d - a potion of ambrosia {unknown}
 e - 2 potions of curing
 f - a potion of resistance {unknown}
 g - 3 potions of might
 h - a potion of enlightenment {unknown}
 j - a potion of brilliance {unknown}
 k - a potion of magic {unknown}
 l - a potion of invisibility {unknown}


   Skills:
 - Level 2.1 Fighting
 * Level 7.0 Maces & Flails
 - Level 1.5 Dodging
 - Level 2.0 Spellcasting
 - Level 3.2 Conjurations


You had 3 spell levels left.
You knew the following spells:

 Your Spells              Type           Power      Damage    Failure   Level
a - Kiss of Death         Conj/Necr      24%        2d7       14%         1
b - Momentum Strike       Conj/Tloc      12%        3d8       22%         2
c - Hailstorm             Conj/Ice       6%         3d5       38%         3

Your spell library contained the following spells:

 Spells                   Type           Power      Damage    Failure   Level
 Anguish                  Hex/Necr       0%         N/A       95%         4
 Cause Fear               Hex            0%         N/A       95%         4
 Enfeeble                 Hex            0%         N/A       100%        7


Dungeon Overview and Level Annotations

Branches:
Dungeon (4/15)
 Temple: D:4-7

Altars:

Annotations:
D:4 4 runed translucent doors


Innate Abilities, Weirdness & Mutations

You are immune to sickness and miasma.
Your stone body is resilient. (AC +4)
You are immune to poison.
You resist negative energy. (rN+)
You are resistant to electric shocks. (rElec)
You are resistant to unholy torment.
You are immune to petrification.


Message History

The steam dragon is moderately wounded.
You feel drained.
The steam dragon bites you but does no damage.
The steam dragon claws you.
Casting: Kiss of Death (safe; 14% risk of failure)
Confirm with . or Enter, or press ? or * to list all spells.
Aiming: Kiss of Death (safe; 14% risk of failure)
Press: ? - help, Shift-Dir - straight line, f/p - steam dragon
Aim: a steam dragon (moderately wounded, catching its breath, lightly drained, 100% to hit)
The negative energy hits the steam dragon.
The steam dragon is drained!
The steam dragon is heavily wounded.
You feel drained. The steam dragon barely misses you.
The steam dragon closely misses you.
Casting: Kiss of Death (safe; 14% risk of failure)
Confirm with . or Enter, or press ? or * to list all spells.
Aiming: Kiss of Death (safe; 14% risk of failure)
Press: ? - help, Shift-Dir - straight line, f/p - steam dragon
Aim: a steam dragon (heavily wounded, heavily drained, 100% to hit)
The negative energy hits the steam dragon.
The steam dragon is drained!
The steam dragon is almost dead.
You feel drained. The steam dragon breathes steam at you.
The ball of steam hits you!
Casting: Kiss of Death (safe; 14% risk of failure)
Confirm with . or Enter, or press ? or * to list all spells.
Aiming: Kiss of Death (safe; 14% risk of failure)
Press: ? - help, Shift-Dir - straight line, f/p - steam dragon
Aim: a steam dragon (almost dead, catching its breath, heavily drained, 100% to hit)
You miscast Kiss of Death.
You are very lightly contaminated with residual magic.
Nothing appears to happen.
You are engulfed in a cloud of scalding steam.
The steam dragon bites you but does no damage.
The steam dragon barely misses you.
You hit the steam dragon but do no damage.
The steam dragon is almost dead.
You are engulfed in a cloud of scalding steam.
You die...

######...... ##.....
#..... #..... # #
#..... #. .## #.....
#.# #.# ##.....
#..###D# #+###......
#..).@######......>...
####.##8!)8##.........
#.#8....8#.....##..
#.+F.....+.....##..
#.+......+.........
#.#8....8#.........
#.##8}(8##.........
#..######......##..
#.......[......# ..


You could see a steam dragon (very drained).

Vanquished Creatures
  A scorpion (D:4)
  A bombardier beetle (D:3)
  A hound (D:4)
  An orc priest (D:4)
  4 gnolls (D:3)
  2 adders (D:2)
  3 ribbon worms
  4 dart slugs
  7 orcs
  4 endoplasms
  A giant cockroach (D:1)
  6 goblins
  4 hobgoblins
  13 jackals
  3 kobolds
  6 quokkas
  8 ball pythons
  6 bats
  2 frilled lizards (D:1)
  5 rats
82 creatures vanquished.

Notes
Turn   | Place    | Note
-------+----------+-------------------------------------------
     0 | D:1      | EonDragon20 the Gargoyle Reaver began the quest for the
                  | Orb.
     0 | D:1      | Reached XP level 1. HP: 12/12 MP: 3/3
   235 | D:1      | Reached XP level 2. HP: 17/17 MP: 5/5
   661 | D:1      | Reached skill level 4 in Maces & Flails
   888 | D:2      | Reached XP level 3. HP: 21/21 MP: 6/6
  1067 | D:2      | Reached XP level 4. HP: 10/24 MP: 7/7
  1414 | D:2      | Learned a level 2 spell: Momentum Strike
  1420 | D:3      | Learned a level 3 spell: Hailstorm
  1446 | D:3      | Reached skill level 5 in Maces & Flails
  1926 | D:3      | Reached XP level 5. HP: 20/28 MP: 6/8
  2079 | D:3      | Reached skill level 6 in Maces & Flails
  2277 | D:4      | Noticed a water moccasin
  2651 | D:4      | Reached XP level 6. HP: 14/33 MP: 9/9
  2941 | D:4      | Found a large runed translucent door.
  2941 | D:4      | Found a large runed translucent door.
  2954 | D:4      | Found a large runed translucent door.
  2954 | D:4      | Found a large runed translucent door.
  2984 | D:4      | Reached skill level 7 in Maces & Flails
  2999 | D:4      | Noticed a steam dragon
  3007 | D:4      | Engulfed by a steam dragon's steam

Illustrated notes

Levels and vault maps discovered:
D:1:      matt_arrival_los_fun, layout_basic
D:2:      layout_basic
D:3:      minmay_recursive_quarters, layout_rooms
D:4:      minmay_general_purpose_star, layout_gridville, gup_sewer_entry_pipe,
          minmay_hollow_rounded_squares

Skill      XL: |  1  2  3  4  5  6 |
---------------+-------------------+-----
Maces & Flails | 4 5 6 7 |  7.0
Fighting       | |  2.1
Dodging        | |  1.5
Spellcasting   | |  2.0
Conjurations   | |  3.2

Action                     |  1- 3 |  4- 6 || total
---------------------------+-------+-------++-------
  Melee: Mace              |    97 |   195 ||   292
         Punch             |     1 |     1 ||     2
   Cast: Kiss of Death     |     1 |     6 ||     7
    Use: Scroll            |     3 |     5 ||     8
 Armour: Leather armour    |    47 |   123 ||   170
  Dodge: Dodged            |    56 |   134 ||   190
